 Dungeon Crawl Stone Soup version 0.31-a0-152-g6aa68a64a1 (webtiles) character file.

Game seed: 2205191245218391412

19 IndexError the Magician (level 2, 21/21 HPs)
             Began as a Djinni Conjurer on June 9, 2023.
             Was a Follower of Nemelex Xobeh.
             Quit the game on level 1 of the Dungeon.
             The game lasted 00:00:55 (355 turns).

IndexError the Magician (Djinni Conjurer)            Turns: 355, Time: 00:00:56

Health: 21/21      AC:  2    Str:  6    XL:     2   Next: 95%
Gold:   41         EV: 12    Int: 19    God:    Nemelex Xobeh [*.....] SH:  0 Dex: 11

rFire   + + .        e - +0 dagger
rCold   x . .        (no shield)
rNeg    . . .        a - +0 robe
rPois   ∞            (no helmet)
rElec   .            (no cloak)
rCorr   .            (no gloves)
SInv    .            (boots unavailable)
Will    .....        (no amulet)
Stlth   ++           (no ring)
HPRegen 0.23/turn    (no ring)
MPRegen 0.00/turn

%: no passive effects
@: flying
A: sickness immunity, fire resistance 2, cold vulnerability 1, float, innate
caster, HP casting, extra vitality 1
a: Renounce Religion, Draw Escape, Draw Destruction, Draw Summoning


You were on level 1 of the Dungeon.
You worshipped Nemelex Xobeh.
Nemelex Xobeh was aware of your devotion.
You visited 1 branch of the dungeon, and saw 1 of its levels.

You collected 41 gold pieces.

Inventory:

Hand Weapons
 e - a +0 dagger (weapon)
   (You took it off a goblin on level 1 of the Dungeon)
Armour
 a - a +0 robe (worn)
Scrolls
 c - 3 scrolls of teleportation {unknown}
 d - a scroll of enchant armour {unknown}
Potions
 b - a potion of brilliance {unknown}


   Skills:
 - Level 2.1 Dodging
 - Level 1.5 Stealth
 + Level 3.9 Spellcasting
 + Level 3.9 Conjurations
 + Level 3.9 Hexes
   Level 0.0 Charms
 + Level 3.9 Summonings
 + Level 3.9 Necromancy
 + Level 3.9 Translocations
 + Level 3.9 Transmutations
 + Level 3.9 Fire Magic
 + Level 3.9 Ice Magic
 + Level 3.9 Air Magic
 + Level 3.9 Earth Magic
 + Level 3.9 Poison Magic


You knew the following spells:

 Your Spells              Type           Power      Damage    Failure   Level
a - Magic Dart            Conj           72%        1d6       2%          1
b - Searing Ray           Conj           36%        2d5       4%          2
c - Dazzling Flash        Conj/Hex       36%        N/A       9%          3
d - Fulminant Prism       Conj/Hex       9%         3d6       28%         4
x - Iskenderun's Mystic   Conj/Tloc      18%        2d6       28%         4
Your spell library was empty.

Dungeon Overview and Level Annotations

Branches:
Dungeon (1/15)

Altars:
Nemelex Xobeh


Innate Abilities, Weirdness & Mutations

You are immune to sickness and miasma.
You are immune to poison.
Your flesh is very heat resistant. (rF++)
You are vulnerable to cold. (rC-)
You float through the air rather than walking.
You learn spells naturally, not from books.
Your magical power is your life essence.
You have superior vitality. (+4 MHP)


Message History

An endoplasm is nearby!
An endoplasm is nearby!
The magic dart hits the endoplasm.
The endoplasm jiggles.
You take 1 damage, and have 20/21 hp.
The magic dart hits the endoplasm but does no damage.
You take 1 damage, and have 19/21 hp.
The magic dart hits the endoplasm.
The magic dart hits the endoplasm but does no damage.
You take 1 damage, and have 18/21 hp.
The magic dart hits the endoplasm but does no damage.
You take 1 damage, and have 17/21 hp.
An endoplasm is nearby!
The magic dart hits the endoplasm.
You take 1 damage, and have 16/21 hp.
You can't see any susceptible monsters within range! (Use Z to cast anyway.)
You can't see any susceptible monsters within range! (Use Z to cast anyway.)
You now have 18 gold pieces (gained 7).
A ball python comes into view.
Health restored: 21 A ball python is nearby!
A ball python is nearby!
The magic dart hits the ball python.
The ball python hisses angrily.
You hear an angry hiss.
A bat comes into view.
An endoplasm comes into view.
A kobold comes into view. It is wielding a +0 whip.
You take 1 damage, and have 20/21 hp.
The magic dart hits the ball python.
The kobold shouts!
A bat comes into view.
A ball python comes into view.
You take 1 damage, and have 19/21 hp.
The magic dart hits the bat.
The bat hits you but does no damage.
You take 1 damage, and have 18/21 hp.
The magic dart hits the bat.
The bat hits you.
The kobold throws a stone.
The stone hits you but does no damage.
You take 1 damage, and have 17/21 hp.
The bat hits you but does no damage.
You see here a bat corpse.
The bat closely misses you. The bat barely misses you.
The bat hits you but does no damage. The bat closely misses you.
Casting: Magic Dart (safe; 3% risk of failure)
Confirm with . or Enter, or press ? or * to list all spells.
Aiming: Searing Ray (safe; 4% risk of failure)
Press: ? - help, Shift-Dir - straight line, f - endoplasm
Aim: an endoplasm (98% to hit)
The searing ray hits the bat.
The searing ray hits the endoplasm! (Press . to maintain the ray.)
You take 2 damage, and have 17/21 hp.
The searing ray hits the kobold.
You take 1 damage, and have 16/21 hp.
The searing ray hits the ball python!
You take 1 damage, and have 15/21 hp.
Things that are here:
a +0 whip; a stone; a kobold corpse You now have 31 gold pieces (gained 13).
A sourceless malevolence fills the Dungeon... and a teleportation trap spontaneously manifests!
You are yanked towards a nearby monster!
Your surroundings suddenly seem different.
A kobold comes into view. It is wielding a +0 short sword.
Health restored: 21 The magic dart hits the kobold but does no damage.
The kobold shouts!
You take 1 damage, and have 20/21 hp.
The magic dart hits the kobold but does no damage.
The kobold hits you with a +0 short sword.
You take 3 damage, and have 17/21 hp.
The magic dart hits the kobold.
You can't see any susceptible monsters within range! (Use Z to cast anyway.)
Things that are here:
a +0 short sword; a kobold corpse You now have 41 gold pieces (gained 10).
A kobold comes into view. It is wielding a +0 dagger.
Health restored: 21 A kobold is nearby!
A kobold is nearby!
The magic dart hits the kobold.
The kobold shouts!
You take 1 damage, and have 20/21 hp.
The magic dart hits the kobold.
You take 1 damage, and have 19/21 hp.
You can't see any susceptible monsters within range! (Use Z to cast anyway.)
c - 3 scrolls labelled SOXOBENIJA (gained 1)
Found a faded altar of an unknown god.
Health restored: 21 A kobold comes into view.
It is wielding a +0 whip.
The kobold moves out of view.
There is a faded altar of an unknown god here.
This altar belongs to (a) Cheibriados, (b) Ashenzari or (c) Nemelex Xobeh, but you can't tell which.
Press the corresponding letter to learn more about a god, or press enter to convert or escape to cancel.
Okay, then.
This altar belongs to (a) Cheibriados, (b) Ashenzari or (c) Nemelex Xobeh, but you can't tell which.
Press the corresponding letter to learn more about a god, or press enter to convert or escape to cancel.
Nemelex Xobeh accepts your prayer! Nemelex Xobeh welcomes you!
You can now draw from decks of power.
Nemelex will now gift you decks of power as you gain piety.
Nemelex Xobeh deals you some cards!
You now have 3 escape cards, 6 destruction cards and 1 summoning card.
Are you sure you want to abandon this character and quit the game? (Confirm with "yes".)
Okay, then.
Are you sure you want to abandon this character and quit the game? (Confirm with "yes".)

#..#....#+##+###
#..#...........#
####.#
#..#...........#
.....#
#..#.......)...#
########
#...........#
........
####....$...#
##....##
#?........ .+
...+ #.....####
## ..# #.@...#
..# #.........#
##....#
#....######
...... +....
###### #.... ##
...... .# .....
.# .... .#


There were no monsters in sight!

Vanquished Creatures
  A dart slug (D:1)
  2 endoplasms (D:1)
  A giant cockroach (D:1)
  A goblin (D:1)
  A hobgoblin (D:1)
  2 quokkas (D:1)
  3 ball pythons (D:1)
  2 bats (D:1)
  3 kobolds (D:1)
  A rat (D:1)
17 creatures vanquished.

Notes
Turn   | Place    | Note
-------+----------+-------------------------------------------
     0 | D:1      | IndexError the Djinni Conjurer began the quest for the Orb.
     0 | D:1      | IndexError set off with the following spells memorised:
                  | Magic Dart, Searing Ray, Dazzling Flash, Fulminant Prism,
                  | Iskenderun's Mystic Blast.
     0 | D:1      | Reached XP level 1. HP: 15/15 MP: 0/0
   129 | D:1      | Reached XP level 2. HP: 18/21 MP: 0/0
   346 | D:1      | Found a faded altar of an unknown god.
   354 | D:1      | Prayed at the altar of an unknown god.
   354 | D:1      | Became a worshipper of Nemelex Xobeh the Trickster
   354 | D:1      | Reached * piety under Nemelex Xobeh
   354 | D:1      | Received a gift from Nemelex Xobeh
   355 | D:1      | Quit the game

Illustrated notes

Levels and vault maps discovered:
D:1:      minmay_arrival_checkered_box, layout_basic, basic_ecumenical_altar

Action                     || total
---------------------------++-------
   Cast: Magic Dart        ||    34
         Searing Ray       ||     1
 Armour: Robe              ||     4
  Dodge: Dodged            ||     4

Table legend: (Time is in decaauts)
 A = Elapsed time spent in this place.
 B = Non-inter-level travel time spent in this place.
 C = Inter-level travel time spent in this place.
 D = Time resting spent in this place.
 E = Time spent auto-exploring this place.
 F = Levels seen in this place.
 G = Mean time per level.
                   A        B        C        D        E       F      G
               +--------+--------+--------+--------+--------+-----+--------+
         Total |    354 |    354 |      0 |      0 |    280 |   1 |  354.0 |
       Dungeon |    354 |    354 |      0 |      0 |    280 |   1 |  354.0 |
               +--------+--------+--------+--------+--------+-----+--------+

Top non-repeatable levels by time:
     D:1: 354 daAuts

Levels and vault maps discovered:
D:1:      minmay_arrival_checkered_box, layout_basic, basic_ecumenical_altar

Table legend: (Time is in decaauts)
 A = Elapsed time spent in this place.
 B = Non-inter-level travel time spent in this place.
 C = Inter-level travel time spent in this place.
 D = Time resting spent in this place.
 E = Time spent auto-exploring this place.
 F = Levels seen in this place.
 G = Mean time per level.
                   A        B        C        D        E       F      G
               +--------+--------+--------+--------+--------+-----+--------+
         Total |    354 |    354 |      0 |      0 |    280 |   1 |  354.0 |
       Dungeon |    354 |    354 |      0 |      0 |    280 |   1 |  354.0 |
               +--------+--------+--------+--------+--------+-----+--------+

Top non-repeatable levels by time:
     D:1: 354 daAuts

Table legend:
 A = Kills in this place as a percentage of kills in the entire game.
 B = Kills by you in this place as a percentage of kills by you in the entire game.
 C = Kills by friends in this place as a percentage of kills by friends in the entire game.
 D = Other kills in this place as a percentage of other kills in the entire game.
 E = Experience gained in this place as a percentage of experience gained in the entire game.
 F = Experience gained in this place divided by the number of levels of this place that you have seen.
                   A       B       C       D       E      F
               +-------+-------+-------+-------+-------+----------------------
         Total | 100.0 | 100.0 |   N/A |   N/A | 100.0 |  28.0
       Dungeon | 100.0 | 100.0 |   N/A |   N/A | 100.0 |  28.0
               +-------+-------+-------+-------+-------+----------------------
